 Dungeon Crawl Stone Soup version 0.31.0-32-g396128a36d (webtiles) character file.

Game seed: 15452830407438244601

2165 spaghetti the Trooper (level 9, -7/82 HPs)
             Began as a Naga Chaos Knight on Mar 25, 2024.
             Was a Plaything of Xom.
             Mangled by a large slime creature (20 damage)
             ... on level 6 of the Dungeon.
             The game lasted 00:09:31 (6986 turns).

spaghetti the Trooper (Naga Chaos Knight)           Turns: 6986, Time: 00:09:32

Health: -7/82      AC:  5    Str: 27    XL:     9   Next: 32%
Magic:  0/23       EV:  7    Int: 11    God:    Xom [....*.]
Gold:   13         SH:  0    Dex: 17    Spells: 4/14 levels left

rFire   . . .        u - +5 morningstar
rCold   . . .        (no shield)
rNeg    . . .        s - +0 chain mail of the Manifold Priests {MP+9 Str+3 Int-2 Slay+3}
rPois   +            (helmet restricted)
rElec   .            (no cloak)
rCorr   .            k - +0 pair of gloves
SInv    +            (no barding)
Will    +....        q - amulet of guardian spirit Stlth
                     e - ring of wizardry
HPRegen 0.33/turn    j - +6 ring of strength
MPRegen 0.18/turn

%: guardian spirit, wizardry (x1)
@: corroded, very slightly contaminated, very slow
A: AC +3, large, see invisible, deformed body, poison resistance, slowness 2,
spit poison 1, naga tail 1, antennae 1, thin skeletal structure 1, agile 1,
strong 1
a: Spit Poison, Renounce Religion


You were on level 6 of the Dungeon.
You worshipped Xom.
You were a beloved toy of Xom.
You visited 1 branch of the dungeon, and saw 6 of its levels.

You collected 299 gold pieces.
You spent 286 gold pieces at shops.

Inventory:

Hand Weapons
 a - a +0 spear of chaos
 f - a +1 vampiric dagger
 p - a +0 quarterstaff
 u - a +5 morningstar (weapon)
Missiles
 c - 2 curare-tipped darts
Armour
 b - a +2 leather armour
 k - a +0 pair of gloves (worn)
 m - a +0 helmet
 s - the +0 chain mail of the Manifold Priests (worn) {MP+9 Str+3 Int-2 Slay+3}
   (You found it on level 3 of the Dungeon)

   Str+3:     It affects your strength (+3).
   Int-2:     It affects your intelligence (-2).
   Slay+3:    It affects your accuracy & damage with ranged weapons and melee
   (+3).
   MP+9:      It affects your magic capacity (+9).
Jewellery
 e - a ring of wizardry (left hand)
 g - an amulet of reflection
 j - a +6 ring of strength (right hand)
 q - an amulet of guardian spirit (around neck)
Scrolls
 d - 4 scrolls of identify
 i - 2 scrolls of revelation
 n - a scroll of amnesia
 o - a scroll of poison
Potions
 h - 2 potions of attraction
 r - a potion of magic
 t - a potion of heal wounds
 v - a potion of haste


   Skills:
 - Level 5.8 Fighting
 - Level 3.3(4.9) Polearms
 - Level 5.5(6.0) Staves
 + Level 4.8 Throwing
 - Level 3.1 Armour
 - Level 0.7 Dodging
 - Level 3.3 Spellcasting
 * Level 3.7 Summonings
 - Level 3.0 Necromancy
 + Level 0.0 Air Magic


You had 4 spell levels left.
You knew the following spells:

 Your Spells              Type           Power      Damage    Failure   Level
a - Call Imp              Summ           20%        N/A       16%         2
b - Animate Dead          Necr           8%         N/A       77%         4
c - Summon Lightning Spi  Summ/Air       5%         N/A       89%         4

Your spell library contained the following spells:

 Spells                   Type           Power      Damage    Failure   Level
 Necrotise                Necr           32%        1d5       14%         1
 Foxfire                  Conj/Fire      4%         2x1d4     43%         1
 Magic Dart               Conj           4%         1d3       43%         1
 Blink                    Tloc           2%         N/A       56%         2
 Static Discharge         Conj/Air       2%         3-4/arc   56%         2
 Airstrike                Air            0%         2d(1-17)  99%         4
 Fulminant Prism          Conj/Alch      0%         3d5       99%         4
 Olgreb's Toxic Radiance  Alch           1%         N/A       99%         4
 Petrify                  Alch/Erth      1%         N/A       99%         4
 Borgnjor's Vile Clutch   Necr/Erth      2%         N/A       99%         5
 Plasma Beam              Fire/Air       0%         2x1d10    100%        6
 Starburst                Conj/Fire      0%         6d3       100%        6
 Haunt                    Necr/Summ      4%         N/A       100%        7


Dungeon Overview and Level Annotations

Branches:
Dungeon (6/15)             Temple (0/1) D:4

Altars:
Ashenzari
Cheibriados
Elyvilon
Fedhas
Hepliaklqana
Kikubaaqudgha
Trog
Uskayaw
Xom
Zin

Shops:
D:2 :   D:5 :

Annotations:
D:3 3 runed translucent doors, Buffagor's ghost, amateur OpSh
D:4 3 runed translucent doors, Pollywompus's ghost, amateur OpSh


Innate Abilities, Weirdness & Mutations

Your serpentine skin is tough. (AC +3)
You have supernaturally acute eyesight. (SInv)
Armour fits poorly on your strangely shaped body.
Your system is resistant to poisons. (rPois)
You cover ground very slowly.
You can spit poison.
You have a snake-like lower body.
You have a pair of small antennae on your head.
You have a somewhat thin skeletal structure. (Dex +2, Stealth+)
You are agile. (Dex +4, Str/Int -1)
Your muscles are strong. (Str +4, Int/Dex -1)


Message History

You are too injured to fight recklessly!
You are too injured to fight recklessly!
You are too injured to fight recklessly!
You are too injured to fight recklessly!
You are too injured to fight recklessly!
You are too injured to fight recklessly!
You are too injured to fight recklessly!
Okay, then.
Casting: Call Imp (safe; 16% risk of failure)
Confirm with . or Enter, or press ? or * to list all spells.
A tiny devil pulls itself out of the air.
Your cerulean imp says, "I commit to your vassalage, O illustrious and rosy-lipped ruler!" "Hum-dee-hum-dee-hum..."
The endoplasm is moving more slowly.
The jelly closely misses your cerulean imp.
The endoplasm hits you but does no damage.
The jelly barely misses you. x2
The jelly hits your cerulean imp but does no damage.
The jelly barely misses you.
Your cerulean imp hits the jelly with a -3 spear.
The acid corrodes your cerulean imp!
Your cerulean imp is burned by acid!
There is an open door here.
The large slime creature attacks as it pursues you!
The large slime creature hits you. The large slime creature hits you!!
Casting: Call Imp (safe; 16% risk of failure)
Confirm with . or Enter, or press ? or * to list all spells.
You miscast Call Imp.
You are very lightly contaminated with residual magic.
Nothing appears to happen.
The large slime creature hits you!!
* * * LOW HITPOINT WARNING * * *
The endoplasm jiggles.
Okay, then.
Aiming: Paralyse
Press: ? - help, Shift-Dir - straight line, f - large slime creature
Aim: a large slime creature (chance to affect: 31%)
The large slime creature easily resists.
The now-empty wand crumbles to dust.
The large slime creature hits you!!
You die...
Xom chortles!

# #........###########
# #.#########.P...÷..$
####.# #.P.÷÷_÷P.
≈≈≈≈~≈# #..._J_...
######### ≈≈≈≈#≈#
#...5.P... #.......#
###≈#≈# #÷J._.....
#..####.# ≈≈≈≈#≈#
#JJJJ÷_... ##.# #.#
~~~~~≈# ##J####### #.#
#.# ....### ####
##@(....## #.# #.#
##.## #..# ########.#
#.# #.# #.# #.##
#....'..## #.# #.. #.#
#.# #....#### #.# ###
##.# #.# #.......# #.#
# ...# #.# #....(..#
#.# # ##.# #.#
#.......# #.# # #.#
#.# #[......# #.# #
#.#######.#####.....##
#.######


You could see a large slime creature, 2 jellies and an endoplasm.

Vanquished Creatures
  A polar bear (D:6)
  Sigmund (D:3)
  Menkaure (D:6)
  An ice beast (D:4)
  A black bear (D:4)
  A centaur (D:6)
  3 kobold brigands (D:6)
  A bullfrog (D:6)
  A scorpion (D:6)
  4 wights (D:6)
  A howler monkey (D:4)
  2 bombardier beetles
  5 hounds
  5 orc priests
  A jelly (D:6)
  4 iguanas
  Terence (D:2)
  3 orc wizards (D:6)
  10 adders
  A shadow imp (D:5)
  A white imp (D:6)
  4 dart slugs
  13 orcs
  7 bats
  8 endoplasms
  3 giant cockroaches
  8 hobgoblins
  4 quokkas
  11 ball pythons
  8 frilled lizards
  5 goblins
  9 kobolds
  10 rats
139 creatures vanquished.

Vanquished Creatures (collateral kills)
  A wight (D:6)
  A howler monkey (D:6)
2 creatures vanquished.

Grand Total: 141 creatures vanquished

Notes
Turn   | Place    | Note
-------+----------+-------------------------------------------
     0 | D:1      | spaghetti the Naga Chaos Knight began the quest for the
                  | Orb.
     0 | D:1      | Reached XP level 1. HP: 21/21 MP: 1/1
    83 | D:1      | Reached XP level 2. HP: 27/28 MP: 2/2
   451 | D:1      | Reached XP level 3. HP: 33/36 MP: 3/3
   562 | D:1      | Learned a level 2 spell: Call Imp
  1320 | D:2      | Noticed Terence
  1325 | D:2      | XOM: potion effect (might)
  1331 | D:2      | Killed Terence
  1332 | D:2      | Reached skill level 1 in Summonings
  1332 | D:2      | Reached XP level 4. HP: 41/44 MP: 3/5
  1363 | D:2      | Reached skill level 1 in Spellcasting
  1441 | D:2      | Found Yxkolaj's Book Emporium.
  1474 | D:2      | XOM: potion effect (might)
  1523 | D:2      | XOM is BORED!
  1523 | D:2      | XOM: silly message
  1982 | D:3      | XOM: cloud trail
  2061 | D:3      | Identified the +0 chain mail of the Manifold Priests {MP+9
                  | Str+3 Int-2 Slay+3}
  2178 | D:3      | Reached XP level 5. HP: 51/51 MP: 7/7
  2182 | D:3      | XOM is BORED!
  2251 | D:3      | Noticed Sigmund
  2273 | D:3      | Killed Sigmund
  2274 | D:3      | Reached XP level 6. HP: 54/60 MP: 9/9
  2342 | D:3      | Found a white marble altar of Elyvilon.
  2450 | D:3      | Found a shimmering altar of Xom.
  2588 | D:3      | Found a runed translucent gate.
  2589 | D:3      | Found a runed translucent gate.
  2592 | D:3      | Found a runed translucent gate.
  2592 | D:3      | Noticed Buffagor's ghost (amateur OpSh)
  2707 | D:3      | XOM: divination: magic mapping
  2973 | D:4      | Noticed an ice beast
  2992 | D:4      | Killed an ice beast
  2993 | D:4      | Reached skill level 5 in Fighting
  3189 | D:4      | Reached XP level 7. HP: 62/67 MP: 11/11
  3439 | D:4      | Found a staircase to the Ecumenical Temple.
  3519 | D:4      | Found a hide-covered altar of Uskayaw.
  3639 | D:4      | Found a runed translucent gate.
  3639 | D:4      | Found a runed translucent gate.
  3639 | D:4      | Found a runed translucent gate.
  3662 | D:4      | Noticed Pollywompus's ghost (amateur OpSh)
  3764 | D:4      | Found a faded altar of an unknown god.
  3764 | D:4      | Found a faded altar of an unknown god.
  3764 | D:4      | Found a hazy altar of Hepliaklqana.
  3918 | D:4      | XOM: divination: magic mapping
  3961 | D:5      | Entered Level 5 of the Dungeon
  4036 | D:5      | XOM: give mutations
  4036 | D:5      | Gained mutation: Your muscles are strong. (Str +4, Int/Dex
                  | -1) [Xom's grace]
  4036 | D:5      | Gained mutation: You are agile. (Dex +4, Str/Int -1) [Xom's
                  | grace]
  4036 | D:5      | Gained mutation: You have a somewhat thin skeletal
                  | structure. (Dex +2, Stealth+) [Xom's grace]
  4205 | D:5      | Reached skill level 1 in Staves
  4420 | D:5      | Found Asuetiop's Book Emporium.
  4635 | D:5      | XOM: god gift: Xom's Volume of Friendship {god gift}
  4636 | D:5      | Got Xom's Volume of Friendship {god gift}
  4642 | D:5      | Learned a level 4 spell: Animate Dead
  4704 | D:5      | Reached XP level 8. HP: 75/75 MP: 13/13
  4995 | D:6      | XOM: 2-stop teleportation journey
  5101 | D:6      | XOM: swap monsters
  5238 | D:6      | Found a broken altar of Ashenzari.
  5238 | D:6      | Noticed Menkaure
  5316 | D:6      | XOM: polymorph kobold -> endoplasm
  5322 | D:6      | XOM: chaos upgrade
  5326 | D:6      | XOM: chaos upgrade
  5332 | D:6      | Reached skill level 5 in Staves
  5333 | D:6      | XOM: smoke on damage
  5528 | D:6      | XOM: chaos upgrade
  5529 | D:6      | a kobold brigand changed into a polar bear
  5529 | D:6      | Noticed a polar bear
  5529 | D:6      | XOM: polymorph kobold brigand -> polar bear
  5533 | D:6      | XOM: confuse monster(s)
  5539 | D:6      | Killed a polar bear
  5577 | D:6      | XOM: 2-stop teleportation journey
  5682 | D:6      | XOM: give mutations
  5682 | D:6      | Gained mutation: You are frail. (-10% HP) [Xom's mischief]
  5682 | D:6      | Gained mutation: You have a pair of small antennae on your
                  | head. [Xom's mischief]
  5682 | D:6      | Lost mutation: You are frail. (-10% HP) [Xom's mischief]
  5705 | D:6      | XOM: summons 3 hostile shadow creatures
  5715 | D:6      | Found a blossoming altar of Fedhas.
  5718 | D:6      | Reached XP level 9. HP: 48/82 MP: 14/14
  5721 | D:6      | XOM: repel stairs
  5742 | D:6      | XOM: 4-stop teleportation journey
  6014 | D:6      | Reached skill level 1 in Necromancy
  6067 | D:6      | XOM: summons friendly crimson imp
  6072 | D:6      | Killed Menkaure
  6073 | D:6      | XOM: divination: magic mapping
  6155 | D:6      | XOM: 7-stop teleportation journey
  6177 | D:6      | XOM: cloud trail
  6276 | D:6      | XOM: enchant monster (bad)
  6285 | D:6      | XOM: summons 4 friendly demons
  6530 | D:6      | XOM: god gift: potion of degeneration
  6602 | D:5      | XOM: god gift: 6 stones
  6654 | D:2      | Bought a book of Storms for 286 gold pieces
  6659 | D:2      | Learned a level 4 spell: Summon Lightning Spire
  6948 | D:6      | XOM: scenery: create altars
  6979 | D:6      | Found a glowing silver altar of Zin.
  6979 | D:6      | Found an ancient bone altar of Kikubaaqudgha.
  6979 | D:6      | Found a white marble altar of Elyvilon.
  6979 | D:6      | Found a bloodstained altar of Trog.
  6979 | D:6      | Found a snail-covered altar of Cheibriados.
  6979 | D:6      | Found a shimmering altar of Xom.
  6982 | D:6      | XOM: enchant monster (good)
  6986 | D:6      | Mangled by a large slime creature

Illustrated notes

Levels and vault maps discovered:
D:1:      amcnicky_arrival_underground_garden, layout_loops_ring,
          minmay_pentomino_w4
D:2:      minmay_skewed_foursquare, layout_basic, serial_shops, shop,
          uniq_terence
D:3:      layout_loops_ring, mainiacjoe_overflow_alcove_2,
          nicolae_elyvilon_temple_path, biasface_ghost_orc_armoury,
          minmay_misc_feat_doors, uniq_sigmund
D:4:      layout_basic, nicolae_hepliaklqana_ecumenical_no_more,
          nicolae_uskayaw_dance_hall, minmay_temple_entry_large_hall,
          gammafunk_ghost_necromancy
D:5:      layout_basic, nicolae_inconvenience_store
D:6:      cheibrodos_fertilizer, layout_loops_ring,
          mainiacjoe_overflow_surrounded_room, ashenzari_conservatory_becter,
          minmay_crystal_water, uniq_menkaure

Skill      XL: |  1  2  3  4  5  6  7  8  9 |
---------------+----------------------------+-----
Fighting       | 4 5 |  5.8
Summonings     | 1 2 3 |  3.7
Spellcasting   | 1 2 3 |  3.3
Armour         | 2 3 |  3.1
Staves         | 2 5 |  5.5
Throwing       | 3 4 |  4.8
Necromancy     | 3 |  3.0
Polearms       | |  3.3
Dodging        | |  0.7

Action                     |  1- 3 |  4- 6 |  7- 9 || total
---------------------------+-------+-------+-------++-------
  Melee: Spear             |    19 |       |       ||    19
         Dagger            |   103 |   176 |   132 ||   411
         Punch             |       |     3 |     1 ||     4
         Quarterstaff      |       |       |   156 ||   156
         Morningstar       |       |       |     2 ||     2
  Throw: Dart              |       |       |     1 ||     1
   Cast: Call Imp          |       |     1 |     2 ||     3
Ability: Spit Poison       |       |     1 |     4 ||     5
  Evoke: Wand              |       |       |    11 ||    11
    Use: Potion            |     2 |     7 |     2 ||    11
         Scroll            |     1 |     2 |     7 ||    10
   Stab: Distracted        |       |     1 |       ||     1
         Paralysed         |       |       |    18 ||    18
 Armour: Leather armour    |    75 |    56 |       ||   131
         Chain mail        |       |   124 |   366 ||   490
  Dodge: Dodged            |    56 |    73 |   127 ||   256
